 Dungeon Crawl Stone Soup version 0.22-a0-49-g614aadd (webtiles) character file.

20280 KristoblXynda the Unseen (level 12, -1/58 HPs)
             Began as a Spriggan Enchanter on Jan 8, 2018.
             Was an Initiate of Gozag.
             Slain by an orc warrior
             ... wielding a +0 trident
              (19 damage)
             ... on level 1 of the Orcish Mines.
             The game lasted 00:40:02 (14460 turns).

KristoblXynda the Unseen (Spriggan Enchanter)      Turns: 14460, Time: 00:40:03

Health: -1/58      AC:  5    Str:  5    XL:     12   Next: 44%
Magic:  29/29      EV: 28    Int: 19    God:    Gozag
Gold:   2915       SH:  2    Dex: 23    Spells: 27/35 levels left

rFire    . . .     SeeInvis +   A - +2 dagger (drain)
rCold    + . .     Gourm    .   (shield restricted)
rNeg     + . .     Faith    .   j - +1 robe {rN+}
rPois    +         Spirit   .   a - +2 hat {SInv}
rElec    .         Reflect  +   (no cloak)
rCorr    .         Harm     .   (gloves unavailable)
MR       ++...                  (boots unavailable)
Stlth    +++++++...             x - +2 amulet of reflection
HPRegen  0.19/turn              q - +5 ring of dexterity
MPRegen  0.21/turn              z - ring of Fublel {rPois rC+ SInv Stlth+}

@: gold aura, very quick
A: very small, unfitting armour, see invisible, herbivore, speed 3, slow
metabolism 2
a: Potion Petition, Call Merchant, Bribe Branch, Renounce Religion


You were on level 1 of the Orcish Mines.
You worshipped Gozag.
Gozag was most pleased with you.
You were not hungry.

You visited 3 branches of the dungeon, and saw 13 of its levels.

You collected 2979 gold pieces.
You paid 64 gold pieces to Gozag.

Inventory:

Hand Weapons
 A - a +2 dagger of draining (weapon)
Missiles
 l - 2 throwing nets (quivered)
Armour
 a - a +2 hat of see invisible (worn)
 j - a +1 robe of positive energy (worn)
Jewellery
 f - an uncursed ring of resist corrosion
 h - a +4 ring of dexterity
 q - a +5 ring of dexterity (left hand)
 s - a +2 ring of protection
 t - an uncursed ring of stealth
 x - a +2 amulet of reflection (around neck)
 z - the ring of Fublel (right hand) {rPois rC+ SInv Stlth+}
   (You found it on level 10 of the Dungeon)

   [ring of stealth]

   It protects you from cold.
   It protects you from poison.
   It lets you see invisible.
   It makes you more stealthy.
Wands
 C - a wand of scattershot (3)
Scrolls
 b - a scroll of identify
 g - a scroll of magic mapping
 n - 10 scrolls of teleportation
 o - 9 scrolls of remove curse
 r - 2 scrolls of amnesia
 u - 3 scrolls of enchant armour
 B - a scroll of fog
Potions
 e - a potion of heal wounds
 i - 4 potions of brilliance
 k - 4 potions of curing
 m - a potion of invisibility
 w - a potion of haste
 D - 2 potions of flight
Books
 c - a book of Maledictions

   Spells                             Type                      Level
   a - Corona                         Hexes                        1
   b - Ensorcelled Hibernation        Hexes/Ice                    2
   c - Confuse                        Hexes                        3
   d - Tukima's Dance                 Hexes                        3
   e - Dazzling Spray                 Conjuration/Hexes            3
 p - a book of Cantrips

   Spells                             Type                      Level
   a - Confusing Touch                Hexes                        1
   b - Animate Skeleton               Necromancy                   1
   c - Summon Small Mammal            Summoning                    1
   d - Apportation                    Translocation                1
 y - the Tome of Earth
   (You found it on level 9 of the Dungeon)

   Spells                             Type                      Level
   a - Sandblast                      Earth                        1
   b - Passwall                       Transmutation/Earth          2
   c - Stone Arrow                    Conjuration/Earth            3
   d - Leda's Liquefaction            Hexes/Earth                  4
   e - Bolt of Magma                  Conjuration/Fire/Earth       5
   f - Borgnjor's Vile Clutch         Necromancy/Earth             5
Comestibles
 d - 11 rations


   Skills:
 - Level 4.0 Fighting
 - Level 5.2 Short Blades
 + Level 3.9 Armour
 - Level 10.0 Dodging
 - Level 15.3 Stealth
 + Level 12.3 Spellcasting
 + Level 12.4 Hexes
 + Level 2.1 Evocations


You had 27 spell levels left.
You knew the following spells:

 Your Spells              Type           Power        Failure   Level  Hunger
a - Stone Arrow           Conj/Erth      ##....       17%         3    None
b - Ensorcelled Hibernat  Hex/Ice        #####.       1%          2    None
c - Confuse               Hex            ######..     1%          3    None


Dungeon Overview and Level Annotations

Branches:
Dungeon (11/15)            Temple (1/1) D:7            Lair (0/6) D:8
    Orc (1/2) D:11

Altars:
Fedhas
Gozag
Hepliaklqana
Kikubaaqudgha
Nemelex Xobeh
Sif Muna
Trog
Uskayaw

Shops:
D:11 (

Annotations:
D:6 1 runed door
D:7 2 transporters
Orc:1 Maurice


Innate Abilities, Weirdness & Mutations

You are very small and have problems with some larger weapons.
You are too small for most types of armour.
You have supernaturally acute eyesight. (SInv)
You are a herbivore.
You cover ground extremely quickly.
You need consume almost no food.


Message History

An orc wizard comes into view.
It is wielding a dagger. 2 orcs and an orc priest come into view.
The orc shouts!
The orc warrior shouts!
The orc moves out of view.
The cyclops throws a large rock.
The large rock hits you!!
Ouch! That really hurt!
You hear a shout!
The orc warrior shouts! 2 orcs come into view.
You see here a large rock.
An orc, 2 orc warriors and 3 orc wizards come into view.
The orc wizard shouts! x2; The orc warrior shouts!
You hear a shout! x6
The orc priest shouts!
Found 33 gold pieces.
An orc warrior comes into view. It is wielding a hand axe.
The orc shouts!
You hear a shout!
The orc shouts!
You hear a shout! x2
Maurice zaps a wand.
You resist with almost no effort.
It is a wand of polymorph (10).
The orc warrior hits you from afar with a trident!!
You die...
Your body crumbles into a pile of gold.

**,$,,,,,,,,,#..##.h....#...#* **
,,,,,,,*,$.......##...@....#****,
,,,,,,,,,..............o...#*,*,,
,,,,,,,,,........#.........#,,,,,
,,,,,,,,,....o..#...h..##......,,
,,,,,,,,,..o....##...o##...#.#.,,
,,,,,,,,,.....o.....(........,***
,,,$,,>,,..o......(...##..##.#**,
,,,,,,,,,.......@.#..#.#$.#**# **
≈≈≈≈≈≈≈,,..o#.#........C.,.# **,
≈*****≈,,,,,#o..O.$..#.#..*# *,,
≈*,,,*≈,,,o..oo..$....##### **,
≈*,∩,,≈,,...........^..# **
≈*,,,*≈,,o.oo#......#.##
≈*****≈,,.o.o..o...####
≈≈≈≈≈≈≈,,..o.......$*
,,$,,,,,$,,,,,,,,,,,*


You could see Maurice, a cyclops, a warg, 6 orc warriors, an ogre, an orc
priest, 4 orc wizards and 6 orcs.

Vanquished Creatures
  Gastronok (D:11)
  The ghost of galech the Grappler, a journeyman TrMo of Okawaru (D:10)
  A centaur warrior (D:9)
  2 hydras
  4 two-headed ogres
  Sonja (D:11)
  A skeletal warrior (D:9)
  3 unseen horrors
  An ugly thing (D:11)
  The ghost of Curus the Spear-Bearer, a novice MfAK of Lugonu (D:6)
  A gargoyle (D:9)
  A centaur skeleton (D:8)
  4 hippogriffs
  A wraith (D:11)
  10 yaks (D:10)
  The ghost of bappy the Ogre Mage, an amateur OgWz of Sif Muna (D:5)
  Grum (D:9)
  A steam dragon (D:9)
  Edmund (D:5)
  2 hell hounds (D:8)
  9 orc warriors
  6 sky beasts
  3 ice beasts
  A phantom (D:8)
  4 black bears
  An eye of draining (D:7)
  9 ogres
  2 wolves (D:9)
  7 centaurs
  3 big kobolds (D:7)
  7 bullfrogs
  8 scorpions
  A killer bee (D:9)
  2 howler monkeys
  3 electric eels (D:8)
  2 bullfrog zombies
  A centaur zombie (D:10)
  7 crimson imps
  3 jellies
  4 orc priests
  2 bullfrog skeletons
  8 hounds
  An iguana (D:7)
  7 orc wizards
  17 worker ants
  A hound zombie (D:5)
  A hound skeleton (D:10)
  A worker ant zombie (D:5)
  4 gnolls (D:8)
  9 adders
  2 shadow imps
  An adder skeleton (D:5)
  2 worms
  2 dart slugs
  5 leopard geckos
  45 orcs
  A ball python (D:1)
  8 bats
  4 giant cockroaches
  11 goblins
  6 hobgoblins
  6 jackals
  10 quokkas
  2 frilled lizards
  A jackal skeleton (D:5)
  20 kobolds
  8 rats
307 creatures vanquished.

Notes
Turn   | Place    | Note
-------+----------+-------------------------------------------
     0 | D:1      | KristoblXynda the Spriggan Enchanter began the quest for the Orb.
     0 | D:1      | Reached XP level 1. HP: 9/9 MP: 5/5
   117 | D:1      | Reached XP level 2. HP: 12/13 MP: 7/7
   121 | D:1      | Learned a level 2 spell: Ensorcelled Hibernation
   536 | D:1      | Reached skill level 5 in Stealth
   756 | D:2      | Reached XP level 3. HP: 11/16 MP: 1/8
   954 | D:2      | Learned a level 3 spell: Confuse
  1532 | D:2      | Found a bloodstained altar of Trog.
  2372 | D:3      | Reached XP level 4. HP: 17/21 MP: 4/10
  3423 | D:4      | Reached skill level 6 in Stealth
  3502 | D:4      | Reached skill level 5 in Hexes
  3502 | D:4      | Reached XP level 5. HP: 21/24 MP: 5/12
  3787 | D:4      | Noticed an ogre
  3799 | D:4      | Killed an ogre
  3799 | D:4      | Reached XP level 6. HP: 11/28 MP: 6/14
  4068 | D:4      | Reached skill level 7 in Stealth
  4076 | D:4      | Reached skill level 5 in Spellcasting
  4109 | D:4      | Found an opulent altar of Gozag.
  4124 | D:4      | Became a worshipper of Gozag Ym Sagoz the Greedy
  4802 | D:5      | Entered Level 5 of the Dungeon
  4808 | D:5      | Noticed bappy's ghost (amateur OgWz)
  4829 | D:5      | Killed bappy's ghost
  4829 | D:5      | Reached skill level 5 in Dodging
  4829 | D:5      | Reached XP level 7. HP: 16/32 MP: 9/16
  5377 | D:5      | Found a sparkling altar of Nemelex Xobeh.
  5387 | D:5      | Reached skill level 8 in Stealth
  5777 | D:5      | Noticed Edmund
  5823 | D:5      | Killed Edmund
  6001 | D:5      | Reached XP level 8. HP: 15/36 MP: 11/18
  6343 | D:6      | Noticed Curus's ghost (novice MfAK)
  6578 | D:6      | Reached skill level 9 in Stealth
  6865 | D:6      | Found a runed door.
  6886 | D:6      | Killed Curus's ghost
  6886 | D:6      | Reached skill level 10 in Stealth
  7095 | D:6      | Found a runed door.
  7139 | D:6      | Reached XP level 9. HP: 39/39 MP: 13/21
  7150 | D:6      | Reached skill level 5 in Short Blades
  7633 | D:7      | Found a transporter.
  7747 | D:7      | Found a transporter.
  7822 | D:7      | Found a sparkling altar of Nemelex Xobeh.
  7823 | D:7      | Found an opulent altar of Gozag.
  7823 | D:7      | Found a hazy altar of Hepliaklqana.
  7824 | D:7      | Found a deep blue altar of Sif Muna.
  7824 | D:7      | Found a hide-covered altar of Uskayaw.
  7863 | D:7      | Found a staircase to the Ecumenical Temple.
  7998 | D:7      | Noticed an unseen horror
  8012 | D:7      | Killed an unseen horror
  8012 | D:7      | Reached skill level 11 in Stealth
  8878 | D:8      | Noticed a two-headed ogre
  8927 | D:8      | Found a staircase to the Lair.
  8927 | D:8      | Noticed a two-headed ogre
  9026 | D:8      | Reached XP level 10. HP: 44/44 MP: 16/24
  9178 | D:8      | Reached skill level 12 in Stealth
  9190 | D:8      | Killed a two-headed ogre
  9214 | D:8      | Killed a two-headed ogre
  9214 | D:8      | Reached skill level 10 in Hexes
  9509 | Temple   | Entered the Ecumenical Temple
  9688 | D:8      | Reached skill level 10 in Spellcasting
  9778 | D:8      | Reached skill level 1 in Fighting
 10184 | D:8      | Reached skill level 13 in Stealth
 10712 | D:9      | Found a blossoming altar of Fedhas.
 10726 | D:9      | Noticed a gargoyle
 10726 | D:9      | Noticed a two-headed ogre
 10766 | D:9      | Killed a two-headed ogre
 10893 | D:9      | Noticed a two-headed ogre
 10900 | D:9      | Killed a two-headed ogre
 10900 | D:9      | Reached XP level 11. HP: 51/51 MP: 26/26
 10913 | D:9      | Found an ancient bone altar of Kikubaaqudgha.
 10923 | D:9      | Found a bloodstained altar of Trog.
 11036 | D:9      | Noticed Grum
 11054 | D:9      | Killed Grum
 11095 | D:9      | Reached skill level 10 in Dodging
 11275 | D:9      | Noticed an eight-headed hydra
 11283 | D:9      | Noticed a centaur warrior
 11305 | D:9      | Killed a centaur warrior
 11396 | D:9      | Killed an eight-headed hydra
 11396 | D:9      | Reached skill level 1 in Armour
 11419 | D:9      | Noticed an unseen horror
 11428 | D:9      | Killed an unseen horror
 11428 | D:9      | Reached skill level 14 in Stealth
 11517 | D:9      | Noticed a skeletal warrior
 11545 | D:9      | Killed a skeletal warrior
 11764 | D:9      | Identified the Tome of Earth
 12039 | D:10     | Entered Level 10 of the Dungeon
 12043 | D:10     | Got a flickering granite ring
 12046 | D:10     | Identified the ring of Fublel {rPois rC+ SInv Stlth+} (You found it on level 10 of the Dungeon)
 12197 | D:10     | Noticed galech's ghost (journeyman TrMo)
 12230 | D:10     | Killed galech's ghost
 12762 | D:10     | Learned a level 3 spell: Stone Arrow
 12765 | D:10     | Noticed an unseen horror
 12770 | D:10     | Killed an unseen horror
 13044 | D:10     | Reached XP level 12. HP: 58/58 MP: 23/28
 13471 | D:11     | Noticed Gastronok
 13486 | D:11     | Killed Gastronok
 13486 | D:11     | Reached skill level 15 in Stealth
 13531 | D:11     | Noticed Sonja
 13539 | D:11     | Killed Sonja
 13950 | D:11     | Found a staircase to the Orcish Mines.
 13950 | D:11     | Found Olea's Weapon Shoppe.
 13950 | D:11     | Noticed a six-headed hydra
 13975 | D:11     | Killed a six-headed hydra
 13975 | D:11     | Reached skill level 1 in Evocations
 14443 | Orc:1    | Entered Level 1 of the Orcish Mines
 14443 | Orc:1    | Noticed an orc high priest
 14453 | Orc:1    | Noticed Maurice
 14460 | Orc:1    | Slain by an orc warrior

Vault maps used:
D:1:      dpeg_arrival_short_road
D:2:      trog_butcher_becter
D:4:      nicolae_gozag_cash_rules_everything_around_me
D:5:      first_ration, eino_small_chamber_without_monster,
          nemelex_xobeh_ov_fountains_minmay, uniq_edmund
D:6:      lemuel_insect_pit
D:7:      gammafunk_steamed_eel, grunt_temple_overflow_open,
          minmay_temple_entry_mist
D:8:      wad_lake_hut, minmay_lair_entry_lava
D:9:      minmay_the_grid_net, gammafunk_temple_overflow_forgotten, uniq_grum
D:11:     orc_david_3, uniq_sonja, uniq_gastronok
Temple:   jpeg_temple_clearing
Orc:1:    basic_altar, enter_bailey_3, uniq_maurice

Skill      XL: |  1  2  3  4  5  6  7  8  9 10 11 12 |
---------------+-------------------------------------+-----
Spellcasting   | 3 4 5 6 7 9 10 11 12 | 12.3
Hexes          | 4 5 6 8 9 10 11 12 | 12.4
Stealth        | 5 6 7 8 10 11 13 14 15 | 15.3
Dodging        | 4 5 7 9 10 | 10.0
Short Blades   | 2 4 5 |  5.2
Fighting       | 2 4 |  4.0
Armour         | 2 3 |  3.9
Evocations     | 2 |  2.1

Action                   |  1- 3 |  4- 6 |  7- 9 | 10-12 || total
-------------------------+-------+-------+-------+-------++-------
Melee: Dagger            |   155 |   128 |   456 |   423 ||  1162
 Cast: Ensorcelled Hiber |    28 |    42 |    62 |   131 ||   263
       Confuse           |       |     3 |    24 |    40 ||    67
Evoke: Wand              |       |       |       |     2 ||     2
  Use: Scroll            |     4 |     4 |     4 |    13 ||    25
       Potion            |       |       |     2 |     2 ||     4
 Stab: Sleeping          |    22 |    31 |    55 |    92 ||   200
       Distracted        |     1 |       |     3 |     2 ||     6
       Confused          |       |     4 |    12 |    30 ||    46
  Eat: Ration            |       |     2 |     3 |     3 ||     8
Armor: Robe              |    14 |     8 |    26 |    14 ||    62
Dodge: Dodged            |   139 |   100 |   325 |   363 ||   927
Block: Other             |       |       |       |     9 ||     9

Table legend:
 A = Spawn XP
 B = Non-spawn XP
 C = Spawn XP percentage of total XP
 D = Spawn monster count
 E = Non-spawn monster count
 F = Spawn count percentage of total count
 G = Total turns spent on level
                    A         B        C        D         E        F      G
               +---------+---------+-------+---------+---------+-------+---------
         Total |       0 |   28972 |   0.0 |       0 |     307 |   0.0 | 14460
               +---------+---------+-------+---------+---------+-------+---------
           D:1 |       0 |      27 |   0.0 |       0 |      15 |   0.0 |   643
           D:2 |       0 |      55 |   0.0 |       0 |      19 |   0.0 |  1454
           D:3 |       0 |      43 |   0.0 |       0 |      24 |   0.0 |  1129
           D:4 |       0 |     461 |   0.0 |       0 |      26 |   0.0 |  1576
           D:5 |       0 |     906 |   0.0 |       0 |      17 |   0.0 |  1637
           D:6 |       0 |    1790 |   0.0 |       0 |      32 |   0.0 |  1206
           D:7 |       0 |    2217 |   0.0 |       0 |      38 |   0.0 |  1704
           D:8 |       0 |    4281 |   0.0 |       0 |      36 |   0.0 |  1361
           D:9 |       0 |    7521 |   0.0 |       0 |      37 |   0.0 |  1327
          D:10 |       0 |    4758 |   0.0 |       0 |      30 |   0.0 |  1258
          D:11 |       0 |    6791 |   0.0 |       0 |      32 |   0.0 |  1146
         Orc:1 |       0 |     122 |   0.0 |       0 |       1 |   0.0 |    17
               +---------+---------+-------+---------+---------+-------+---------
